 Dungeon Crawl Stone Soup version 0.28-a0-1334-g1c9ffb4daf (webtiles) character file.

Game seed: 4260255365454014739

47 DoubleLucky the Ducker (level 3, 26/27 HPs)
             Began as a Djinni Fire Elementalist on Dec 28, 2021.
             Quit the game on level 4 of the Dungeon.
             The game lasted 00:07:39 (1423 turns).

DoubleLucky the Ducker (Djinni Fire Elementalist)   Turns: 1423, Time: 00:07:40

Health: 26/27      AC:  3    Str:  7    XL:     3   Next: 97%
Gold:   42         EV: 13    Int: 18    God:
                   SH:  0    Dex: 13

rFire   + + +      SeeInvis .   d - +0 dagger
rCold   x . .      Faith    .   (no shield)
rNeg    . . .      Spirit   .   a - +0 robe
rPois   ∞          Reflect  .   b - +0 helmet
rElec   .          Harm     .   (no cloak)
rCorr   .          Rampage  .   (no gloves)
Will    .....                   (boots unavailable)
Stlth   ++........              (no amulet)
HPRegen 0.09/turn               f - ring of protection from fire
MPRegen 0.00/turn               (no ring)

@: flying
A: sickness immunity, fire resistance 2, cold vulnerability 1, float, innate
caster, hp casting, extra vitality 1
a: no special abilities


You were on level 4 of the Dungeon.
You visited 2 branches of the dungeon, and saw 4 of its levels.

You collected 42 gold pieces.

Inventory:

Hand Weapons
 d - a +0 dagger (weapon)
Armour
 a - a +0 robe (worn)
 b - a +0 helmet (worn)
Jewellery
 f - a ring of protection from fire (left hand)
Scrolls
 g - a scroll of identify {unknown}
 h - a scroll of enchant weapon {unknown}
 j - a scroll of fog {unknown}
Potions
 c - a potion of curing {unknown}
 e - a potion of might {unknown}
 i - a potion of haste {unknown}


   Skills:
 + Level 1.6 Fighting
 + Level 3.1 Dodging
 - Level 1.5 Stealth
 + Level 2.8 Spellcasting


You couldn't memorise any spells.
You knew the following spells:

 Your Spells              Type           Power      Damage    Failure   Level
a - Foxfire               Conj/Fire      48%        2x1d6     5%          1
b - Scorch                Fire           24%        2d6       8%          2
c - Conjure Flame         Conj/Fire      12%        6-21      16%         3
d - Inner Flame           Hex/Fire       12%        N/A       16%         3
e - Flame Wave            Conj/Fire      12%        2d5       45%         4
f - Apportation           Tloc           24%        N/A       5%          1
Your spell library was empty.

Dungeon Overview and Level Annotations

Branches:
Dungeon (4/15)             Temple (1/1) D:4

Altars:
Cheibriados
Elyvilon
Fedhas
Makhleb
Nemelex Xobeh
Okawaru
Qazlal
Trog
Zin
Jiyva


Innate Abilities, Weirdness & Mutations

You are immune to sickness and miasma.
You are immune to poison.
Your flesh is very heat resistant. (rF++)
You are vulnerable to cold. (rC-)
You float through the air rather than walking.
You learn spells naturally, not from books.
Your magical power is your life essence.
You have superior vitality. (+4 MHP)


Message History

Confirm with . or Enter, or press ? or * to list all spells.
You conjure some foxfire!
The giant cockroach bites you but does no damage.
You hit the giant cockroach but do no damage.
The giant cockroach closely misses you.
You closely miss the giant cockroach. The giant cockroach misses you.
You barely miss the giant cockroach.
The giant cockroach bites you but does no damage.
You barely miss the giant cockroach. The giant cockroach closely misses you.
The giant cockroach bites you but does no damage.
You hit the giant cockroach.
The giant cockroach is moderately wounded.
The giant cockroach bites you but does no damage.
You hit the giant cockroach but do no damage.
The giant cockroach is moderately wounded.
The giant cockroach barely misses you.
You hit the giant cockroach but do no damage.
The giant cockroach is moderately wounded.
The giant cockroach bites you but does no damage.
You hit the giant cockroach.
The giant cockroach is severely wounded.
The giant cockroach barely misses you.
You hit the giant cockroach but do no damage.
The giant cockroach is severely wounded.
The giant cockroach bites you. The giant cockroach closely misses you.
You hit the giant cockroach but do no damage.
The giant cockroach is heavily wounded.
The giant cockroach barely misses you.
You hit the giant cockroach.
The giant cockroach is severely wounded.
The giant cockroach barely misses you.
You hit the giant cockroach.
The giant cockroach is almost dead.
The giant cockroach barely misses you.
You hit the giant cockroach.
You kill the giant cockroach!
Saving game... please wait.
Welcome back, DoubleLucky the Djinni Fire Elementalist.
Press ? for a list of commands and other information.
Are you sure you want to abandon this character and quit the game? (Confirm with "yes".)

...........##'##......####
...........+..............
..........................
...........##.#....#.#..
....#####.....#.##.#.#.# ....#
#..#...........#.. ....+
+..#.#.#.#.##......
....#####....#.#.#....#....
+#..............@.....#....
.+.........##.#.>.#.#.......
.#............#...#.#.##.....#
.#.........#....#............#
####'##....#.##.#.##.#........
..#...#..............#........
..'...#....#.#.#.##....#......
..#...#....#.#.#....##.#......
..##+##.......................


There were no monsters in sight!

Vanquished Creatures
  2 adders (D:4)
  2 bats (D:1)
  2 endoplasms
  2 giant cockroaches
  5 hobgoblins (D:1)
  2 jackals (D:1)
  5 kobolds
  2 ball pythons (D:1)
  A frilled lizard (D:1)
  2 goblins (D:1)
  3 rats (D:1)
28 creatures vanquished.

Vanquished Creatures (others)
  65 foxfires
65 creatures vanquished.

Grand Total: 93 creatures vanquished

Notes
Turn   | Place    | Note
-------+----------+-------------------------------------------
     0 | D:1      | DoubleLucky the Djinni Fire Elementalist began the quest
                  | for the Orb.
     0 | D:1      | Reached XP level 1. HP: 15/15 MP: 0/0
   188 | D:1      | Found a faded altar of an unknown god.
   199 | D:1      | Reached XP level 2. HP: 18/22 MP: 0/0
   457 | D:1      | Reached skill level 1 in Fighting
   707 | D:1      | Reached XP level 3. HP: 24/27 MP: 0/0
   707 | D:1      | Learned a level 1 spell: Apportation
   907 | D:2      | You are sucked into a shaft and drop 2 floors!
   965 | D:4      | Reached skill level 3 in Dodging
  1137 | D:4      | Found a staircase to the Ecumenical Temple.
  1143 | Temple   | Entered the Ecumenical Temple
  1423 | D:4      | Quit the game

Illustrated notes

Levels and vault maps discovered:
D:1:      minmay_arrival_open_corners, layout_basic, basic_ecumenical_altar,
          minmay_tromino_i4
D:2:      layout_rooms, kennysheep_boxes
D:4:      layout_gridville, minmay_temple_entry_ruins
Temple:   pf_slimified_temple

Skill      XL: |  1  2  3 |
---------------+----------+-----
Fighting       | 1 |  1.6
Dodging        | 3 |  3.1
Stealth        | |  1.5
Spellcasting   | |  2.8

Action                   || total
-------------------------++-------
Melee: Dagger            ||    27
 Cast: Foxfire           ||    44
 Stab: Sleeping          ||     1
Armor: Robe              ||     9
Dodge: Dodged            ||    16

Table legend: (Time is in decaauts)
 A = Elapsed time spent in this place.
 B = Non-inter-level travel time spent in this place.
 C = Inter-level travel time spent in this place.
 D = Time resting spent in this place.
 E = Time spent auto-exploring this place.
 F = Levels seen in this place.
 G = Mean time per level.
                   A        B        C        D        E       F      G
               +--------+--------+--------+--------+--------+-----+--------+
         Total |   1422 |   1418 |      4 |    170 |    884 |   4 |  355.5 |
       Dungeon |   1249 |   1245 |      4 |    170 |    806 |   3 |  416.3 |
        Temple |    173 |    173 |      0 |      0 |     78 |   1 |  173.0 |
               +--------+--------+--------+--------+--------+-----+--------+

Top non-repeatable levels by time:
     D:1: 906 daAuts
     D:4: 343 daAuts
  Temple: 173 daAuts
